Unix NetHack Version 5.0.0-0 post-release - last build May 23 2026 06:08:33 (1c0ff79ee797540d5714e4e18072db0edd9e58ae,branch:main).

Game began 2026-05-29 17:40:57, ended 2026-05-29 17:50:52.

Eymerich, chaotic male elven Priest

                                                ------
                                               --.G..
                                               |.@-
                                               --.|
                                               --.--
                                               |...--
                                              --....|
                                              |.....|
                                             --.....---
                                             -...<....|
                                           -..........|
                                         ....---..-----
                                         ----  ----

Eymerich the Acolyte         St:12 Dx:9 Co:11 In:10 Wi:20 Ch:12  Chaotic
Dlvl:3  $:59 HP:0(32) Pw:85(85) AC:7  Xp:4 T:809 

Latest messages:
 You kill the grid bug!
 You hear crashing rock.
 There is a partly eaten gnome corpse here; eat it? [ynq] (n)
 You resume your meal.
 You finish eating the gnome corpse.
 J - a boomerang.
 K - a bubbly potion.
 What do you want to use or apply? [i-mG or ?*]
 Sorry, I don't know how to use that.
 A bear trap closes on your foot!
 You kill the gnome!
 Welcome to experience level 4.
 You feel awake!
 You are caught in a bear trap.
 You are caught in a bear trap.
 You are caught in a bear trap.
 You are caught in a bear trap.
 You are caught in a bear trap.
 The dwarf swings his pick-axe.
 The dwarf hits!
 You are caught in a bear trap.
 The dwarf swings his pick-axe.
 The dwarf hits!
 You are caught in a bear trap.
 #
 Are you sure you want to pray? [yn] (n)
 You begin praying to Huhetotl.
 You are surrounded by a shimmering light.
 The dwarf starts to attack you, but pulls back.
 The dwarf starts to attack you, but pulls back.
 You finish your prayer.
 You feel that Huhetotl is pleased.
 You hit the dwarf!
 You miss the dwarf.
 The dwarf swings his pick-axe.
 The dwarf hits!
 You miss the dwarf.
 You miss the dwarf.
 You miss the dwarf.
 Your leg feels better.
 You kill the dwarf!
 The gnome picks up a hooded cloak.
 You miss the gnome.
 The gnome hits!
 You die...
 Do you want your possessions identified? [ynq] (y)
 Do you want to see your attributes? [ynq] (y)
 Do you want an account of creatures vanquished? [ynaq] (y)
 Do you want to see your conduct and achievements? [ynq] (y)
 Do you want to see the dungeon overview? [ynq] (y)

Inventory:
 Coins    ('$')
  $ - 59 gold pieces
 Weapons  (')')
  J - a +0 boomerang
  H - 3 blessed +0 daggers
  a - a blessed +1 mace (weapon in right hand)
 Armor    ('[')
  c - a +0 small shield (being worn)
  b - a +0 robe (being worn)
 Comestibles  ('%')
  e - a clove of garlic
  n - 2 food rations
  f - a sprig of wolfsbane
 Scrolls  ('?')
  p - 3 scrolls of identify
  t - 2 scrolls of identify
 Potions  ('!')
  I - a potion of healing
  K - a potion of sleeping
  d - 4 potions of holy water
 Tools    ('(')
  j - a wooden flute
  G - a leash
  m - a magic marker (0:87)
  i - a magic marker (0:21)
  k - a skeleton key
  l - a skeleton key

Eymerich the Priest's attributes:

Background:
 You were an Acolyte, a level 4 elven Priest.
 You were chaotic, on a mission for Huhetotl
 who was opposed by Quetzalcoatl (lawful) and Camaxtli (neutral).
 You were right-handed.
 You were in the Gnomish Mines, on level 3.
 You entered the dungeon 809 turns ago.
 You had 90 experience points, 70 more were needed to attain level 5.

Basics:
 You had 0 out of 32 hit points.
 You had all 85 energy points (spell power).
 Your armor class was 7.
 Your wallet contained 59 zorkmids.
 Autopickup was off.

Final Characteristics:
 Your strength was 12 (limit:18).
 Your dexterity was 9 (peak:10, limit:18).
 Your constitution was 11 (limit:16).
 Your intelligence was 10 (limit:20).
 Your wisdom was 20 (limit:20).
 Your charisma was 12 (limit:18).

Final Status:
 You were trapped in a bear trap.
 You weren't hungry.
 You were unencumbered.
 You were wielding a mace.
 You had basic skill with mace.

Final Attributes:
 You were devoutly aligned.
 You were sleep resistant.
 You had infravision.
 You were guarded.
 Your spell casting was enhanced by wearing a robe.
 You are dead.

Miscellaneous:
 You didn't encounter any bones levels.
 Total elapsed playing time was 9 minutes and 52 seconds.

Major events:
 Turn
    1: Eymerich the chaotic elven Priest entered the dungeon
  667: read a Discworld novel
  667: attained the rank of Acolyte (level 3)
  759: entered the Gnomish Mines
  809: killed by a gnome

Spells:
 Name                 Level Category     Fail Retention
 healing                1   healing        0%  76%-100%
 cure sickness          3   healing       50%  76%-100%

Skills:
 Fighting Skills
   bare handed combat [Unskilled]
 Weapon Skills
   club               [Unskilled]
   mace               [Basic]
   morning star       [Unskilled]
   flail              [Unskilled]
   hammer             [Unskilled]
   quarterstaff       [Unskilled]
   polearms           [Unskilled]
   spear              [Unskilled]
   trident            [Unskilled]
   lance              [Unskilled]
   bow                [Unskilled]
   sling              [Unskilled]
   crossbow           [Unskilled]
   dart               [Unskilled]
   shuriken           [Unskilled]
   boomerang          [Unskilled]
   unicorn horn       [Unskilled]
 Spellcasting Skills
   healing spells     [Unskilled]
   divination spells  [Unskilled]
   clerical spells    [Basic]

Voluntary challenges:
 Character rerolling was not enabled.
 You never genocided any monsters.
 You never polymorphed an object.
 You never changed form.
 You used no wishes.
Achievements:
 You entered a shop.
 You read from a Discworld novel.
 You attained the rank of Acolyte.
 You entered the Gnomish Mines.

 The Dungeons of Doom: levels 1 to 2
    Level 1: "vault"
    Level 2: "vault"
       A scroll shop.
       Stairs down to The Gnomish Mines.
 The Gnomish Mines:
    Level 3: <- You were here.
       Final resting place for
          you, killed by a gnome.


Vanquished creatures:
  a dwarf
  a yellow mold
  3 gnomes
  a gecko
  2 jackals
  2 foxes
  2 kobolds
  a goblin
  2 grid bugs
  2 lichens
  a newt
18 creatures vanquished.

No species were genocided or became extinct.

Game over:
                       ----------
                      /          \
                     /    REST    \
                    /      IN      \
                   /     PEACE      \
                  /                  \
                  |     Eymerich     |
                  |      59 Au       |
                  |   killed by a    |
                  |      gnome       |
                  |                  |
                  |                  |
                  |       2026       |
                 *|     *  *  *      | *
        _________)/\\_//(\/(/\)/\//\/|_)_______

Goodbye Eymerich the Priest...

You died in The Gnomish Mines on dungeon level 3 with 514 points,
and 59 pieces of gold, after 809 moves.
You were level 4 with a maximum of 32 hit points when you died.

